 Dungeon Crawl Stone Soup version 0.21.1-1-g345015f (webtiles) character file.

3021 rgaf the Cleaver (level 9, -4/109 (112) HPs)
             Began as a Naga Berserker on July 6, 2018.
             Was an Elder of Trog.
             Slain by a two-headed ogre
             ... wielding a +0 giant spiked club
              (22 damage)
             ... on level 8 of the Dungeon.
             The game lasted 00:06:56 (8336 turns).

rgaf the Cleaver (Naga Berserker)                   Turns: 8336, Time: 00:06:57

HP:   -4/109 (112)  AC: 12    Str: 28    XL:     9   Next: 85%
MP:   9/9           EV:  5    Int:  7    God:    Trog [****..]
Gold: 328           SH:  0    Dex: 11    Spells: 8/8 levels left

rFire    . . .     SeeInvis +   C - -3 war axe
rCold    . . .     Gourm    .   (no shield)
rNeg     . . .     Faith    .   D - +0 plate armour
rPois    +         Spirit   .   k - +0 helmet
rElec    .         Reflect  .   m - +2 cloak
rCorr    .         Harm     .   (no gloves)
MR       +....                  (no barding)
Stlth    ..........             (no amulet)
HPRegen  0.28/turn              (no ring)
MPRegen  0.11/turn              (no ring)

@: berserking, quick
A: large, see invisible, deformed body, poison resistance, slowness 2, slow
metabolism 1, spit poison 1, AC +3
a: Spit Poison, Berserk, Trog's Hand, Brothers in Arms, Burn Spellbooks,
Renounce Religion


You were on level 8 of the Dungeon.
You worshipped Trog.
Trog was greatly pleased with you.
You were hungry.

You visited 1 branch of the dungeon, and saw 8 of its levels.

You collected 328 gold pieces.

Inventory:

Hand Weapons
 a - a +1 hand axe
 C - a -3 war axe (weapon)
Armour
 b - a +0 animal skin
 k - a +0 helmet (worn)
 m - a +2 cloak (worn)
 p - a +0 scale mail
 D - a +0 plate armour (worn)
Jewellery
 y - a +3 ring of protection {unknown}
Wands
 o - a wand of paralysis (22)
 r - a wand of flame (27)
Scrolls
 d - 2 scrolls of enchant weapon
 e - a scroll of remove curse
 i - 5 scrolls of identify {unknown}
 q - 2 scrolls of magic mapping {unknown}
 s - a scroll of fear {unknown}
 v - a scroll of immolation {unknown}
 w - 3 scrolls of enchant armour {unknown}
 x - a scroll of teleportation
 z - a scroll of noise {unknown}
Potions
 f - 2 potions of might {unknown}
 g - a potion of agility {unknown}
 h - 3 potions of heal wounds {unknown}
 j - a potion of brilliance
 l - a potion of lignification {unknown}
 n - 3 potions of curing {unknown}
 t - a potion of flight {unknown}
 u - a potion of degeneration {unknown}
 A - a potion of invisibility {unknown}
 B - a potion of berserk rage {unknown}
Comestibles
 c - 6 rations
 E - a chunk of flesh


   Skills:
 - Level 3.0 Fighting
 + Level 13.2 Axes
 - Level 1.5 Armour
 - Level 1.5 Dodging


You had 8 spell levels left.
You didn't know any spells.

Dungeon Overview and Level Annotations

Branches:
Dungeon (8/15)             Temple (0/1) D:4
   Lair: D:8-11

Altars:
Ashenzari
Dithmenos
Gozag
Nemelex Xobeh
Sif Muna
Trog
Uskayaw
Vehumet
Wu Jian

Annotations:
D:5 blackflag1's ghost, novice GrWr


Innate Abilities, Weirdness & Mutations

You cannot wear boots.
Your serpentine skin is tough. (AC +3)
You have supernaturally acute eyesight. (SInv)
Armour fits poorly on your strangely shaped body.
Your system is resistant to poisons. (rPois)
You cover ground very slowly.
You have a slow metabolism.
You can spit poison.


Message History

The hippogriff bites you but does no damage.
The hippogriff barely misses you. The hippogriff claws you.
Your plate armour prevents you from hitting the two-headed ogre.
The two-headed ogre is moderately wounded.
You slash the hippogriff!
You kill the hippogriff!
Trog accepts your kill.
You closely miss the two-headed ogre.
The two-headed ogre is moderately wounded.
The two-headed ogre hits you with a giant spiked club!!
* * * LOW HITPOINT WARNING * * *
The two-headed ogre barely misses you.
You hit the two-headed ogre.
The two-headed ogre is heavily wounded.
Unknown command.
You barely miss the two-headed ogre.
The two-headed ogre is heavily wounded.
The two-headed ogre barely misses you.
The two-headed ogre hits you with a giant spiked club!!
You die...

#..##..## #.....## ##+#
#.##..# ##...# #.##..#
##.....## #.....#
#.......######.##.##
.........##.....#.#####
...........###.........
.......O@.# ##>#<####
#......!#.# #...#
##.....##.## ##.###
......# ##.###.##
.###.. ##...##
#..######.##
..........#
....########


You could see a two-headed ogre.

Vanquished Creatures
  Joseph (D:8)
  A hippogriff (D:8)
  A sky beast (D:7)
  An orc warrior (D:8)
  A phantom (D:6)
  A necrophage (D:6)
  An ogre (D:6)
  3 centaurs
  8 bullfrogs
  6 killer bees (D:8)
  3 wights (D:3)
  2 crimson imps
  A centaur zombie (D:6)
  2 jellies
  5 orc priests
  2 centaur skeletons (D:4)
  2 hounds
  4 orc wizards
  Ijyb (D:4)
  2 iguanas
  3 worker ants (D:6)
  A killer bee zombie (D:8)
  A worker ant zombie (D:5)
  Robin (D:4)
  4 gnolls (D:6)
  6 adders
  A shadow imp (D:6)
  An ooze (D:2)
  3 worms
  2 dart slugs
  4 leopard geckos
  20 orcs
  2 ball pythons
  8 bats
  6 giant cockroaches
  13 goblins
  7 hobgoblins
  5 jackals
  A quokka (D:8)
  4 frilled lizards
  A giant cockroach zombie (D:3)
  13 kobolds
  A quokka skeleton (D:5)
  4 rats
160 creatures vanquished.

Notes
Turn   | Place    | Note
-------+----------+-------------------------------------------
     0 | D:1      | rgaf the Naga Berserker began the quest for the Orb.
     0 | D:1      | Reached XP level 1. HP: 21/21 MP: 1/1
   262 | D:1      | Reached XP level 2. HP: 28/28 MP: 2/2
  1171 | D:1      | Reached skill level 4 in Axes
  1171 | D:1      | Reached XP level 3. HP: 12/34 MP: 3/3
  1644 | D:2      | Reached ** piety under Trog
  2307 | D:2      | Reached XP level 4. HP: 35/42 MP: 4/4
  2514 | D:3      | Reached skill level 5 in Axes
  2588 | D:3      | Reached XP level 5. HP: 21/49 MP: 5/5
  2592 | D:3      | Reached skill level 6 in Axes
  3021 | D:3      | Reached XP level 6. HP: 56/56 MP: 6/6
  3779 | D:4      | Noticed Robin
  3796 | D:3      | Reached *** piety under Trog
  3934 | D:4      | Reached skill level 7 in Axes
  3944 | D:4      | Killed Robin
  3983 | D:4      | Found a shadowy altar of Dithmenos.
  4124 | D:4      | Noticed Ijyb
  4139 | D:4      | Killed Ijyb
  4274 | D:4      | Found a staircase to the Ecumenical Temple.
  4359 | D:4      | Reached XP level 7. HP: 44/62 MP: 7/7
  4544 | D:5      | Entered Level 5 of the Dungeon
  4552 | D:5      | Noticed blackflag1's ghost (novice GrWr)
  4944 | D:5      | Reached skill level 8 in Axes
  5239 | D:5      | Reached skill level 9 in Axes
  5421 | D:6      | Reached XP level 8. HP: 40/69 MP: 8/8
  5935 | D:6      | Reached skill level 10 in Axes
  6017 | D:6      | Reached **** piety under Trog
  6327 | D:6      | Reached skill level 11 in Axes
  6536 | D:6      | Reached XP level 9. HP: 56/73 MP: 9/9
  7588 | D:8      | Found a bloodstained altar of Trog.
  7589 | D:8      | Found a radiant altar of Vehumet.
  7589 | D:8      | Found an ornate altar of the Wu Jian Council.
  7591 | D:8      | Found a shattered altar of Ashenzari.
  7591 | D:8      | Found a sparkling altar of Nemelex Xobeh.
  7593 | D:8      | Found a hide-covered altar of Uskayaw.
  7594 | D:8      | Found an opulent altar of Gozag.
  7610 | D:8      | Received a gift from Trog
  7612 | D:8      | Reached skill level 12 in Axes
  7687 | D:8      | Found a sparkling altar of Nemelex Xobeh.
  7772 | D:8      | Noticed Joseph
  7810 | D:8      | Killed Joseph
  8081 | D:8      | Reached skill level 13 in Axes
  8278 | D:8      | Found a deep blue altar of Sif Muna.
  8323 | D:8      | Noticed a two-headed ogre
  8336 | D:8      | Slain by a two-headed ogre

Skill      XL: |  1  2  3  4  5  6  7  8  9 |
---------------+----------------------------+-----
Axes           | 4 5 6 7 9 11 13 | 13.2
Fighting       | |  3.0
Armour         | |  1.5
Dodging        | |  1.5

Action                   |  1- 3 |  4- 6 |  7- 9 || total
-------------------------+-------+-------+-------++-------
Melee: Hand axe          |   107 |   144 |   352 ||   603
       War axe           |       |       |    19 ||    19
Invok: Berserk           |     2 |    10 |    14 ||    26
       Burn Spellbooks   |       |       |     1 ||     1
  Use: Scroll            |       |       |     4 ||     4
       Potion            |       |       |     1 ||     1
  Eat: Chunk             |     5 |    10 |    15 ||    30
       Ration            |       |     1 |     2 ||     3
Armor: Animal skin       |    24 |    38 |       ||    62
       Scale mail        |       |     2 |   142 ||   144
       Plate armour      |       |       |    14 ||    14
Dodge: Dodged            |    60 |    92 |   121 ||   273
